 Dungeon Sprint DCSS version 0.28-a0-1387-g3a22ab9bdc (webtiles) character file.

Game seed: 18020043587144734277

2233 mhtbhm the Carver (level 9, -15/100 HPs)
             Began as a Purple Draconian Berserker on Jan 2, 2022.
             Was a High Priest of Trog.
             Demolished by Erolcha (39 damage)
             ... in the Dungeon (Sprint III: "The Ten Rune Challenge").
             The game lasted 00:02:06 (790 turns).

mhtbhm the Carver (Purple Draconian Berserker)       Turns: 790, Time: 00:02:06

Health: -15/100    AC:  9    Str: 25    XL:     9   Next: 14%
Magic:  9/9        EV: 15    Int:  7    God:    Trog [*****.]
Gold:   39         SH:  0    Dex: 10    Spells: 8/8 levels left

rFire   . . .      SeeInvis .   a - +2 long sword (holy)
rCold   . . .      Faith    .   (no shield)
rNeg    . . .      Spirit   .   (armour unavailable)
rPois   .          Reflect  .   (helmet restricted)
rElec   .          Harm     .   i - +1 cloak
rCorr   .          Rampage  .   (no gloves)
Will    +....      NoTele   +   (no boots)
Stlth   +.........              (no amulet)
HPRegen 1.06/turn               (no ring)
MPRegen 0.11/turn               (no ring)

@: lethally poisoned (-15 -> -24), on berserk cooldown, slowed, very slow
A: breathe power, AC +7, unfitting armour, cold-blooded, regeneration 1, robust
1, subdued magic 1
a: Breathe Dispelling Energy, Renounce Religion, Berserk, Trog's Hand, Brothers
in Arms


You were in the Dungeon.
You worshipped Trog.
Trog was extremely pleased with you.
You visited 1 branch You collected 39 gold pieces.

Inventory:

Hand Weapons
 a - a +2 long sword of holy wrath (weapon)
Armour
 i - a +1 cloak (worn)
Scrolls
 g - 2 scrolls of blinking
 h - a scroll of fear {unknown}
 k - 2 scrolls of torment {unknown}
 l - a scroll of identify {unknown}
Potions
 b - 3 potions of curing
 d - a potion of haste
 e - 2 potions of magic
 f - a potion of berserk rage
 j - a potion of mutation
 m - a potion of brilliance {unknown}
 n - 3 potions of flight
 o - a potion of might
Miscellaneous
 c - a tin of tremorstones (2/2)


   Skills:
 + Level 12.5 Fighting
 + Level 13.9 Long Blades
 + Level 10.7 Dodging
 + Level 0.3 Stealth
 + Level 1.1 Evocations


You had 8 spell levels left.
You didn't know any spells.
Your spell library was empty.

Dungeon Overview and Level Annotations

Branches:
Dungeon (1/1)

Altars:
Cheibriados
Dithmenos
Elyvilon
Fedhas
Gozag
Hepliaklqana
Kikubaaqudgha
Makhleb
Nemelex Xobeh
Okawaru
Qazlal
Ru
Sif Muna
Trog
Uskayaw
Vehumet
Wu Jian
Xom
Yredelemnul
Zin
The Shining One
Beogh
Jiyva
Lugonu

Annotations:
D Erolcha


Innate Abilities, Weirdness & Mutations

You can breathe bolts of dispelling energy.
Your rich purple scales are hard. (AC +7)
You cannot fit into any form of body armour.
You are cold-blooded and may be slowed by cold attacks.
Your natural rate of healing is unusually fast.
You are robust. (+10% HP)
Your spells are a little easier to cast, but a little less powerful.


Message History

You feel very sick. The redback bites you!
You slice the redback!!
Your tail-slap misses the redback.
The redback is severely wounded.
You feel very sick. The redback closely misses you.
You hit the redback. You tail-slap the redback.
You kill the redback!
Trog accepts your kill.
You feel very sick.
Your Evocations skill increases to level 1!
You have reached level 9!
Your experience leads to an increase in your attributes!
Increase (S)trength, (I)ntelligence, or (D)exterity?
You feel stronger. x2; Your scales feel tougher.
Unknown command.
You feel very sick.
Erolcha zaps a wand.
Some rock shatters into small pieces.
Unknown command.
You hit the two-headed ogre.
The two-headed ogre is heavily wounded.
You feel very sick.
You slash the two-headed ogre!
The two-headed ogre is heavily wounded.
You feel sick. The two-headed ogre closely misses you.
The two-headed ogre misses you.
You hit the two-headed ogre.
The two-headed ogre is severely wounded.
You feel very sick.
You slice the two-headed ogre!!
You kill the two-headed ogre!
Trog accepts your kill.
You feel sick.
Unknown command.
You are no longer berserk.
You are exhausted.
You feel yourself slow down.
You feel very sick.
Erolcha hits you with a +6 giant club!!!
You die...

#__# #._# #'## ...# ...#
##'# #
...#+############## ..###
...#....#.#.#...).#......
...##.#).#......@O..^.^..
...'##.#.#.##.#......^...
...#.))#..#..##..'^.....^
▓▓▓▓▓▓▓▓▓▓▓▓▓▓▓▓▓#.^.....
....... ...^... .^.^.^.
#+####


You could see Erolcha.

Vanquished Creatures
  A deep elf pyromancer (D)
  A shadow (D)
  2 redbacks (D)
  A spatial vortex (D)
  A necrophage (D)
  5 two-headed ogres (D)
  A water elemental (D)
  Crazy Yiuf (D)
  A jelly (D)
  Jessica (D)
  A necromancer (D)
  A kobold demonologist (D)
  3 humans (D)
  3 rats (D)
23 creatures vanquished.

Vanquished Creatures (others)
  A wizard (D)
1 creature vanquished.

Grand Total: 24 creatures vanquished

Notes
Turn   | Place    | Note
-------+----------+-------------------------------------------
     0 | D        | mhtbhm the Draconian Berserker began the quest for the Orb.
     0 | D        | Reached XP level 1. HP: 19/19 MP: 1/1
    16 | D        | Noticed Jessica
    17 | D        | Reached ** piety under Trog
    21 | D        | Killed Jessica
    22 | D        | Reached skill level 4 in Long Blades
    22 | D        | Reached XP level 2. HP: 22/28 MP: 2/2
    96 | D        | Reached skill level 5 in Fighting
    96 | D        | Reached skill level 5 in Long Blades
    96 | D        | Reached XP level 3. HP: 36/36 MP: 3/3
   144 | D        | Noticed Crazy Yiuf
   149 | D        | Killed Crazy Yiuf
   150 | D        | Reached XP level 4. HP: 44/44 MP: 4/4
   192 | D        | Gained mutation: Your natural rate of healing is unusually
                  | fast. [potion of mutation]
   192 | D        | Gained mutation: Your spells are a little easier to cast,
                  | but a little less powerful. [potion of mutation]
   192 | D        | Gained mutation: You are robust. (+10% HP) [potion of
                  | mutation]
   208 | D        | Noticed a water elemental
   211 | D        | Killed a water elemental
   211 | D        | Reached *** piety under Trog
   212 | D        | Reached skill level 6 in Long Blades
   212 | D        | Reached skill level 5 in Dodging
   346 | D        | Found a radiant altar of Vehumet.
   346 | D        | Found a shimmering blue altar of Sif Muna.
   346 | D        | Found an ancient bone altar of Kikubaaqudgha.
   346 | D        | Noticed a wizard
   351 | D        | Noticed a rust devil
   356 | D        | Noticed a neqoxec
   365 | D        | Reached XP level 5. HP: 34/57 MP: 5/5
   408 | D        | Found a glowing silver altar of Zin.
   408 | D        | Found a glowing golden altar of the Shining One.
   408 | D        | Found a white marble altar of Elyvilon.
   409 | D        | Noticed a deep elf pyromancer
   411 | D        | Noticed a fire elemental
   411 | D        | Noticed a fire elemental
   413 | D        | Noticed a fire elemental
   422 | D        | Killed a deep elf pyromancer
   423 | D        | Reached skill level 9 in Long Blades
   423 | D        | Reached XP level 6. HP: 38/72 MP: 6/6
   423 | D        | Your scales start taking on a rich purple colour.
   423 | D        | Reached XP level 7. HP: 41/78 MP: 7/7
   459 | D        | Found a hide-covered altar of Uskayaw.
   459 | D        | Found an iron altar of Okawaru.
   459 | D        | Found a bloodstained altar of Trog.
   459 | D        | Found an ornate altar of the Wu Jian Council.
   459 | D        | Noticed a human
   460 | D        | Noticed a human
   469 | D        | Killed a human
   469 | D        | Reached **** piety under Trog
   470 | D        | Reached skill level 10 in Fighting
   470 | D        | Reached skill level 10 in Long Blades
   474 | D        | Killed a human
   475 | D        | Reached skill level 11 in Long Blades
   508 | D        | Found a basalt altar of Yredelemnul.
   508 | D        | Found a shadowy altar of Dithmenos.
   508 | D        | Found a sacrificial altar of Ru.
   529 | D        | Reached ***** piety under Trog
   532 | D        | Noticed a shadow
   533 | D        | Killed a shadow
   534 | D        | Reached XP level 8. HP: 90/90 MP: 8/8
   541 | D        | Found a blossoming altar of Fedhas.
   541 | D        | Found a stormy altar of Qazlal.
   541 | D        | Found a snail-covered altar of Cheibriados.
   541 | D        | Found a burning altar of Makhleb.
   541 | D        | Found a shimmering altar of Xom.
   542 | D        | Found a hazy altar of Hepliaklqana.
   542 | D        | Found an opulent altar of Gozag.
   542 | D        | Found a sparkling altar of Nemelex Xobeh.
   542 | D        | Found a corrupted altar of Lugonu.
   542 | D        | Found a viscous altar of Jiyva.
   604 | D        | Reached skill level 12 in Long Blades
   607 | D        | Reached skill level 10 in Dodging
   730 | D        | Noticed a two-headed ogre
   739 | D        | Killed a two-headed ogre
   740 | D        | Reached skill level 13 in Long Blades
   771 | D        | Noticed a two-headed ogre
   771 | D        | Noticed Erolcha
   785 | D        | Reached skill level 1 in Evocations
   785 | D        | Reached XP level 9. HP: 52/99 MP: 9/9
   789 | D        | Killed a two-headed ogre
   790 | D        | Demolished by Erolcha

Illustrated notes

Levels and vault maps discovered:
D:        dungeon_sprint_mu [sprint_mu_entry_forest, sprint_mu_temple_rooms,
          sprint_mu_d1_spiders, sprint_mu_d2_genie, sprint_mu_d3_branching,
          sprint_mu_orc_legion, sprint_mu_elf_gauntlet, sprint_mu_hive_nellie,
          sprint_mu_lair_fedhas, sprint_mu_vaults_butterflies,
          sprint_mu_slime_circle, sprint_mu_swamp_cave, sprint_mu_snake_twists,
          sprint_mu_blade_basic, sprint_mu_crypt_lich, sprint_mu_tomb_spiral,
          sprint_mu_vestibule_basic, sprint_mu_gehenna_hellfire,
          sprint_mu_dis_giant, sprint_mu_tartarus_statrot,
          sprint_mu_cocytus_islands, sprint_mu_zot1]

Skill      XL: |  1  2  3  4  5  6  7  8 |
---------------+-------------------------+-----
Dodging        | 4 5 8 9 10 | 10.7
Fighting       | 4 5 6 7 9 11 12 | 12.5
Long Blades    | 4 5 6 9 11 13 | 13.9
Evocations     | 1 |  1.1
Stealth        | |  0.3

Action                   |  1- 3 |  4- 6 |  7- 9 || total
-------------------------+-------+-------+-------++-------
Melee: Falchion          |    19 |    34 |       ||    53
       Tailslap          |     4 |     2 |     7 ||    13
       Long sword        |       |       |    60 ||    60
Invok: Berserk           |     2 |     3 |     4 ||     9
Evoke: Tin of tremorston |       |       |     2 ||     2
  Use: Potion            |       |     2 |       ||     2
Armor: Skin              |     3 |     6 |     6 ||    15
Dodge: Dodged            |    10 |    20 |    30 ||    60

Table legend: (Time is in decaauts)
 A = Elapsed time spent in this place.
 B = Non-inter-level travel time spent in this place.
 C = Inter-level travel time spent in this place.
 D = Time resting spent in this place.
 E = Time spent auto-exploring this place.
 F = Levels seen in this place.
 G = Mean time per level.
                   A        B        C        D        E       F      G
               +--------+--------+--------+--------+--------+-----+--------+
         Total |    834 |    834 |      0 |    511 |      0 |   1 |  834.0 |
       Dungeon |    834 |    834 |      0 |    511 |      0 |   1 |  834.0 |
               +--------+--------+--------+--------+--------+-----+--------+

Top non-repeatable levels by time:
       D: 834 daAuts
